 Dungeon Crawl Stone Soup version 0.27.1 (webtiles) character file.

Game seed: 6699123917333310135

124 chaosape the Magician (level 5, -17/40 HPs)
             Began as a Gnoll Wanderer on Aug 28, 2021.
             Was a Follower of Makhleb.
             Demolished by an ogre (22 damage)
             ... on level 3 of the Dungeon.
             The game lasted 00:12:17 (1802 turns).

chaosape the Magician (Gnoll Wanderer)              Turns: 1802, Time: 00:12:17

Health: -17/40     AC:  7    Str: 10    XL:     5   Next: 8%
Magic:  12/12      EV:  9    Int: 11    God:    Makhleb [*.....]
Gold:   71         SH:  7    Dex: 14    Spells: 13/14 levels left

rFire    . . .     SeeInvis .   k - +2 dagger (venom)
rCold    . . .     Faith    .   j - +0 kite shield
rNeg     . . .     Spirit   .   b - +0 ring mail
rPois    .         Reflect  .   i - +0 helmet
rElec    .         Harm     .   f - +0 cloak
rCorr    .         Rampage  .   (no gloves)
Will     .....                  (no boots)
Stlth    +.........             (no amulet)
HPRegen  0.13/turn              (no ring)
MPRegen  0.13/turn              (no ring)

@: flying
A: fangs 1, strong nose, distributed training
a: Renounce Religion


You were on level 3 of the Dungeon.
You worshipped Makhleb.
Makhleb was aware of your devotion.
You visited 1 branch of the dungeon, and saw 3 of its levels.

You collected 71 gold pieces.

Inventory:

Hand Weapons
 a - a +2 falchion
 e - a +0 hunting sling
 k - a +2 dagger of venom (weapon)
 r - a +0 war axe
Missiles
 m - 47 stones
Armour
 b - a +0 ring mail (worn)
 c - a +0 robe
 f - a +0 cloak (worn)
 i - a +0 helmet (worn)
 j - a +0 kite shield (worn)
 l - a +0 leather armour
 s - a +0 buckler of positive energy
Scrolls
 d - a scroll of immolation
 g - a scroll of noise
 h - a scroll of identify
 n - a scroll of holy word {unknown}
 o - a scroll of enchant armour {unknown}
 q - a scroll of enchant weapon {unknown}


   Skills:
 + Level 2.9 Fighting
 + Level 1.3 Short Blades
 + Level 2.9 Long Blades
 + Level 1.3 Axes
 + Level 1.3 Maces & Flails
 + Level 1.3 Polearms
 + Level 1.3 Staves
 + Level 1.3 Slings
 + Level 1.3 Bows
 + Level 1.3 Crossbows
 + Level 2.9 Throwing
 + Level 1.3 Armour
 + Level 4.7 Dodging
 + Level 2.7 Stealth
 + Level 1.3 Shields
 + Level 1.3 Unarmed Combat
 + Level 5.1 Spellcasting
 + Level 1.1 Conjurations
 + Level 1.1 Hexes
 + Level 1.1 Summonings
 + Level 1.1 Necromancy
 + Level 1.1 Translocations
 + Level 1.1 Transmutations
 + Level 1.1 Fire Magic
 + Level 1.1 Ice Magic
 + Level 2.3 Air Magic
 + Level 1.1 Earth Magic
 + Level 1.1 Poison Magic
 + Level 1.5 Invocations
 + Level 2.9 Evocations


You had 13 spell levels left.
You knew the following spells:

 Your Spells              Type           Power      Damage    Failure   Level
a - Sandblast             Erth           10%        2d5       90%         1

Your spell library contained the following spells:

 Spells                   Type           Power      Damage    Failure   Level
 Foxfire                  Conj/Fire      20%        2x1d5     90%         1
 Conjure Flame            Conj/Fire      5%         6-21      99%         3
 Inner Flame              Hex/Fire       5%         N/A       99%         3
 Stone Arrow              Conj/Erth      10%        3d7       99%         3


Dungeon Overview and Level Annotations

Branches:
Dungeon (3/15)

Altars:
Makhleb
Qazlal


Innate Abilities, Weirdness & Mutations

You have very sharp teeth.
Your uncanny sense of smell can sniff out nearby items.
Your experience applies equally to all skills.


Message History

The orc hits you but does no damage. The orc hits you but does no damage.
You hit the orc.
The orc is poisoned.
The orc is lightly wounded.
You block the orc's attack.
You hit the orc.
You kill the orc!
Makhleb accepts your kill.
Your shield and ring mail prevent you from hitting the endoplasm.
You block the endoplasm's attack.
You hit the endoplasm.
You kill the endoplasm!
Makhleb accepts your kill.
You feel better.
The ogre hits you with a +0 giant club!!
Ouch! That really hurt!
* * * LOW HITPOINT WARNING * * *
Okay, then.
Okay, then.
Okay, then.
Throw: 47 stones
Press: ? - help, Q - select action, (/) - cycle Shift-Dir - straight line, f - ogre
Aim: an ogre, wielding a +0 giant club (75% to hit)
Okay, then.
Aiming: Sandblast (safe; 90% risk of failure)
Press: ? - help, Q - select action, (/) - cycle Shift-Dir - straight line, f - ogre
Aim: an ogre, wielding a +0 giant club (89% to hit)
Okay, then.
It was a potion of flight.
You feel very buoyant.
You fly up into the air.
As you read the scroll labelled WOUSCHY NARI, it crumbles to dust.
You hear a loud clanging noise!
It was a scroll of noise.
The ogre barely misses you.
As you read the scroll labelled JELEHAKUUKH, it crumbles to dust.
It is a scroll of identify.
d - a scroll of immolation The ogre hits you with a +0 giant club!!
Ouch! That really hurt!
You die...

.###.##.)# .#
#.##..# .#
#.##..###### .#
#.#......... .#
#.#...#####.### .#
#†#...# ..#
.###.#...# #.#
.....#.#########.#
.#####.#.......#@#
..<.##.#...#...#O#
###.##.#..#.#..#.#
# ##.'.#J#.#.'.# #
####..#.#..###
###.####.O.#...#
......##.......#
....#..#########
#####∆


You could see an ogre.

Vanquished Creatures
  An orc priest (D:3)
  An orc wizard (D:3)
  An adder (D:3)
  4 dart slugs
  4 orcs (D:3)
  6 bats
  3 endoplasms
  2 giant cockroaches
  5 goblins
  3 hobgoblins
  3 quokkas
  5 ball pythons
  2 frilled lizards
  4 kobolds
  5 rats
49 creatures vanquished.

Notes
Turn   | Place    | Note
-------+----------+-------------------------------------------
     0 | D:1      | chaosape the Gnoll Wanderer began the quest for the Orb.
     0 | D:1      | chaosape set off with the following items: a +2 falchion, a
                  | potion of curing, a +0 robe; and the following spell
                  | memorised: Sandblast; and the following spells available to
                  | memorise: Stone Arrow
     0 | D:1      | Reached XP level 1. HP: 17/17 MP: 6/6
   118 | D:1      | Reached XP level 2. HP: 23/23 MP: 7/7
   827 | D:2      | Reached XP level 3. HP: 27/28 MP: 9/9
   831 | D:2      | Reached skill level 5 in Spellcasting
  1090 | D:2      | Reached skill level 1 in Invocations
  1225 | D:2      | Found a faded altar of an unknown god.
  1230 | D:2      | Became a worshipper of Makhleb the Destroyer
  1230 | D:2      | Reached * piety under Makhleb
  1340 | D:2      | Found a stormy altar of Qazlal.
  1475 | D:3      | Reached skill level 1 in Short Blades
  1475 | D:3      | Reached skill level 1 in Axes
  1475 | D:3      | Reached skill level 1 in Maces & Flails
  1475 | D:3      | Reached skill level 1 in Polearms
  1475 | D:3      | Reached skill level 1 in Staves
  1475 | D:3      | Reached skill level 1 in Slings
  1475 | D:3      | Reached skill level 1 in Bows
  1475 | D:3      | Reached skill level 1 in Crossbows
  1475 | D:3      | Reached skill level 1 in Armour
  1475 | D:3      | Reached skill level 1 in Shields
  1475 | D:3      | Reached skill level 1 in Unarmed Combat
  1514 | D:3      | Reached XP level 4. HP: 34/34 MP: 11/11
  1578 | D:3      | Noticed an ogre
  1619 | D:3      | Reached skill level 1 in Conjurations
  1619 | D:3      | Reached skill level 1 in Hexes
  1619 | D:3      | Reached skill level 1 in Summonings
  1619 | D:3      | Reached skill level 1 in Necromancy
  1619 | D:3      | Reached skill level 1 in Translocations
  1619 | D:3      | Reached skill level 1 in Transmutations
  1619 | D:3      | Reached skill level 1 in Fire Magic
  1619 | D:3      | Reached skill level 1 in Ice Magic
  1619 | D:3      | Reached skill level 1 in Earth Magic
  1619 | D:3      | Reached skill level 1 in Poison Magic
  1632 | D:3      | Reached XP level 5. HP: 9/40 MP: 10/12
  1802 | D:3      | Demolished by an ogre

Illustrated notes

Levels and vault maps discovered:
D:1:      wander_arrival_lonely_grave, layout_basic, glass_columns_a
D:2:      layout_basic, basic_altar, shapermc_ecumenical_altar_mp_urbaneastern
D:3:      layout_loops_ring, kennysheep_generic_room_10, uniq_terence

Skill      XL: |  1  2  3  4 |
---------------+-------------+-----
Air Magic      | 2 |  2.3
Spellcasting   | 5 |  5.1
Invocations    | 1 |  1.5
Short Blades   | 1 |  1.3
Axes           | 1 |  1.3
Maces & Flails | 1 |  1.3
Polearms       | 1 |  1.3
Staves         | 1 |  1.3
Slings         | 1 |  1.3
Bows           | 1 |  1.3
Crossbows      | 1 |  1.3
Armour         | 1 |  1.3
Shields        | 1 |  1.3
Unarmed Combat | 1 |  1.3
Conjurations   | 1 |  1.1
Hexes          | 1 |  1.1
Summonings     | 1 |  1.1
Necromancy     | 1 |  1.1
Translocations | 1 |  1.1
Transmutations | 1 |  1.1
Fire Magic     | 1 |  1.1
Ice Magic      | 1 |  1.1
Earth Magic    | 1 |  1.1
Poison Magic   | 1 |  1.1
Fighting       | |  2.9
Long Blades    | |  2.9
Throwing       | |  2.9
Dodging        | |  4.7
Stealth        | |  2.7
Evocations     | |  2.9

Action                   |  1- 3 |  4- 6 || total
-------------------------+-------+-------++-------
Melee: Falchion          |    18 |       ||    18
       Dagger            |    61 |    24 ||    85
       Bite              |     6 |     1 ||     7
  Use: Potion            |       |     3 ||     3
       Scroll            |       |     2 ||     2
 Stab: Sleeping          |     9 |       ||     9
Armor: Robe              |     4 |       ||     4
       Leather armour    |    16 |     9 ||    25
       Ring mail         |       |     2 ||     2
Dodge: Dodged            |    43 |    17 ||    60
Block: Kite shield       |    17 |    14 ||    31
       Rpst.: Falchion   |     3 |       ||     3
